[Event "Titled Tuesday Blitz April 18 Early 2023"]
[White "Bharath Subramaniyam H"]
[Black "Pajeken, Jakob Leon"]
[WhiteFideId "46634827"]
[BlackFideId "12942839"]
[WhiteElo "2395"]
[BlackElo "2414"]
[Result "1/2-1/2"]
[Round "05"]
[TimeControl "180+2"]
[Date "2023.04.18"]
[WhiteClock "0:00:07"]
[BlackClock "0:00:15"]

1. d4 d5 2. Nc3 c6 3. Bf4 Nf6 4. e3 b5 5. Nf3 Nbd7 6. Bd3 g6 7. h4 Bg7 8. Ne5 Nxe5 9. Bxe5 h5 10. Qd2 O-O 11. O-O-O a5 12. f3 a4 13. a3 Qb6 14. Ne2 Bh6 15. Bf4 Bxf4 16. Nxf4 c5 17. g4 c4 18. Be2 hxg4 19. Rdg1 b4 20. Qxb4 Qxb4 21. axb4 a3 22. Kb1 Bf5 23. e4 gxf3 24. exf5 fxe2 25. fxg6 axb2 26. Kxb2 Ra4 27. Nxe2 Rxb4+ 28. Kc3 Rfb8 29. gxf7+ Kxf7 30. Ng3 Ra4 31. Ra1 Rba8 32. Rxa4 Rxa4 33. Kd2 Ra3 34. c3 Ng4 35. Rf1+ Ke6 36. Rf4 Ra2+ 37. Kc1 Ne3 38. Rf3 Rc2+ 39. Kb1 Rxc3 40. h5 Rb3+ 41. Kc1 Ng4 42. Rxb3 cxb3 43. Kb2 Kf6 44. Kxb3 Kg5 45. Kb4 Kf4 46. Ne2+ Ke3 47. Ng3 Kxd4 48. Nf5+ Ke5 49. Nxe7 Kf6 50. Nxd5+ Kg5 51. Kc5 Kxh5 1/2-1/2


[Site "https://www.chess.com"]

[Event "Titled Tuesday Blitz April 18 Early 2023"]
[White "SashaKuzhilniy"]
[Black "Beerdsen, Thomas"]
[BlackFideId "1030108"]
[WhiteElo "2562"]
[BlackElo "2547"]
[Result "0-1"]
[Round "05"]
[TimeControl "180+2"]
[Date "2023.04.18"]
[WhiteClock "0:00:43"]
[BlackClock "0:01:24"]

1. b3 a5 2. Bb2 a4 3. b4 a3 4. Nxa3 d5 5. c4 e5 6. Qb3 Be6 7. e3 Nc6 8. Nc2 Nf6 9. Nf3 dxc4 10. Bxc4 Bxc4 11. Qxc4 Bd6 12. d3 O-O 13. a3 Re8 14. Nd2 Qd7 15. O-O Rad8 16. Ne4 Be7 17. Nxf6+ Bxf6 18. Rfd1 h5 19. Ne1 Qf5 20. Nf3 g5 21. h3 g4 22. hxg4 hxg4 23. Nh2 g3 24. Qg4+ Qxg4 25. Nxg4 gxf2+ 26. Kxf2 Bg7 27. Ke2 f5 28. Nf2 Re6 29. Rac1 Rd7 30. g4 f4 31. Ne4 fxe3 32. Nc5 Rh6 33. Nxd7 Rh2+ 34. Kxe3 Rxb2 35. g5 Nd4 36. Rxc7 Re2# 0-1


[Site "https://www.chess.com"]

[Event "Titled Tuesday Blitz April 18 Early 2023"]
[White "koncheto"]
[Black "Nagy, Gabor"]
[BlackFideId "737119"]
[WhiteElo "2551"]
[BlackElo "2514"]
[Result "0-1"]
[Round "05"]
[TimeControl "180+2"]
[Date "2023.04.18"]
[WhiteClock "0:00:01"]
[BlackClock "0:01:00"]

1. e4 g6 2. d4 Bg7 3. c3 d6 4. Bd3 Nf6 5. f4 O-O 6. Nf3 Nc6 7. e5 Nd5 8. O-O a6 9. Qe2 b5 10. Be3 Bb7 11. Nbd2 e6 12. h4 Nce7 13. g4 Rc8 14. h5 c5 15. exd6 Qxd6 16. Ne4 Qb8 17. Nxc5 Rfd8 18. Bd2 Rxc5 19. dxc5 Nxf4 20. Bxf4 Qxf4 21. Rad1 Qxg4+ 22. Qg2 Qxh5 23. b4 Bxc3 24. Bxg6 hxg6 25. Rxd8+ Kg7 26. Rd7 Bxb4 27. Rxb7 Bxc5+ 28. Rf2 Nf5 29. Ne5 Nd6 30. Rxf7+ Nxf7 31. Nxf7 Qd1+ 32. Kh2 Qh5+ 33. Kg1 Bxf2+ 34. Qxf2 Qg4+ 35. Kf1 Qd1+ 36. Kg2 Qd5+ 37. Kf1 b4 38. Qf4 a5 39. Ne5 Qd1+ 40. Kg2 Qc2+ 41. Kh3 Qf5+ 42. Qxf5 gxf5 43. Kg3 a4 44. Nc4 Kf6 45. Kf4 e5+ 46. Nxe5 b3 47. axb3 a3 48. Nd7+ Ke7 0-1


[Site "https://www.chess.com"]

[Event "Titled Tuesday Blitz April 18 Early 2023"]
[White "Cherniaiev, Tykhon"]
[Black "Elgersma, Onno"]
[WhiteFideId "14182360"]
[BlackFideId "1053531"]
[WhiteElo "2450"]
[BlackElo "2252"]
[Result "0-1"]
[Round "05"]
[TimeControl "180+2"]
[Date "2023.04.18"]
[WhiteClock "0:00:03"]
[BlackClock "0:00:21"]

1. Nf3 d5 2. d4 Nf6 3. c4 e6 4. Nc3 a6 5. cxd5 exd5 6. Bg5 Be6 7. e3 Nbd7 8. Bd3 Bd6 9. O-O O-O 10. h3 c6 11. a3 h6 12. Bxf6 Nxf6 13. Qc2 Re8 14. Rfe1 a5 15. Rab1 Qe7 16. e4 dxe4 17. Nxe4 Nxe4 18. Bxe4 Qf6 19. Rbd1 Rad8 20. d5 Bxd5 21. Bxd5 Rxe1+ 22. Rxe1 cxd5 23. Qd2 b6 24. Kh1 Bc5 25. b4 axb4 26. axb4 Bf8 27. Rc1 d4 28. Ne1 d3 29. Nxd3 Qd4 30. Rd1 Bxb4 31. Qe2 Bf8 32. Nb2 Qf6 33. Rxd8 Qxd8 34. Nc4 b5 35. Ne5 b4 36. Qc4 Qf6 37. f4 Qe6 38. Qd3 g6 39. Kh2 h5 40. Qf3 Bd6 41. Qb7 Bxe5 42. fxe5 Qxe5+ 43. Kh1 Qc3 44. Qa8+ Kg7 45. Qe4 b3 46. Kh2 b2 47. h4 Qc7+ 48. Kh3 Qc3+ 49. Kh2 Qf6 50. g3 Qf2+ 51. Kh3 Qf1+ 52. Kh2 b1=Q 53. Qe5+ Qf6 54. Qe2 Qfb2 55. Qg2 Qxg2+ 56. Kxg2 Qe4+ 57. Kh3 Qh1# 0-1


[Site "https://www.chess.com"]

[Event "Titled Tuesday Blitz April 18 Early 2023"]
[White "Iliaguev, Nisim"]
[Black "Dushyant Sharma"]
[WhiteFideId "2817276"]
[BlackFideId "25065130"]
[WhiteElo "2241"]
[BlackElo "2198"]
[Result "1-0"]
[Round "05"]
[TimeControl "180+2"]
[Date "2023.04.18"]
[WhiteClock "0:00:21"]
[BlackClock "0:00:05"]

1. d4 d5 2. Nf3 e6 3. g3 Nf6 4. Bg2 Be7 5. O-O O-O 6. c4 dxc4 7. Ne5 c5 8. dxc5 Bxc5 9. Nxc4 Qc7 10. Qb3 Nc6 11. e3 e5 12. Nc3 Be6 13. Qa4 a6 14. Nd2 b5 15. Qd1 Rad8 16. Qe2 Rd7 17. a4 b4 18. Nce4 Nxe4 19. Nxe4 Be7 20. Qxa6 Na5 21. Nd2 Rfd8 22. b3 Rd6 23. Qb5 Bxb3 24. Nxb3 Nxb3 25. Rb1 Qc2 26. Bb2 Nd2 27. Bxe5 Nxf1 28. Rxf1 Rd1 29. a5 b3 30. a6 Qa2 31. Bd4 Rxf1+ 32. Bxf1 h5 33. Kg2 Bf6 34. Bxf6 gxf6 35. Bc4 Ra8 36. Qb7 Rf8 37. Bxb3 Qa5 38. Bd5 Kg7 39. a7 Kg6 40. a8=Q Rxa8 41. Qxa8 Qc7 42. Qc6 Qe5 43. Be4+ Kg7 44. Qd5 1-0


[Site "https://www.chess.com"]

[Event "Titled Tuesday Blitz April 18 Early 2023"]
[White "Kosteniuk, Alexandra"]
[Black "Milchev, Nikolay"]
[WhiteFideId "4128125"]
[BlackFideId "2906090"]
[WhiteElo "2453"]
[BlackElo "2449"]
[Result "1-0"]
[Round "05"]
[TimeControl "180+2"]
[Date "2023.04.18"]
[WhiteClock "0:00:26"]
[BlackClock "0:00:33"]

1. Nf3 Nf6 2. g3 g6 3. Bg2 Bg7 4. c4 O-O 5. O-O d6 6. d4 Nc6 7. d5 Na5 8. Nfd2 c5 9. e4 a6 10. Re1 b5 11. Bf1 Rb8 12. Nc3 b4 13. Ne2 Ng4 14. Nf4 Ne5 15. Rb1 b3 16. axb3 Qb6 17. Re3 Bd7 18. h3 Rb7 19. Ne2 f5 20. f4 Nf7 21. Bg2 Rfb8 22. exf5 Bxf5 23. Ra1 h5 24. Ra3 Bf6 25. Kh2 Kf8 26. Bf3 Nh6 27. Nc3 Qd8 28. Nce4 Bxe4 29. Bxe4 Kg7 30. Bc2 Rd7 31. Re6 Rb6 32. Qe2 Nb7 33. Qe4 Qe8 34. Nf3 Nd8 35. Rxf6 Kxf6 36. Nh4 e5 37. fxe5+ dxe5 38. Bxh6 Nf7 39. Qxg6+ Ke7 40. Qxb6 Rd6 41. Qc7+ Qd7 42. Nf5+ 1-0


[Site "https://www.chess.com"]

[Event "Titled Tuesday Blitz April 18 Early 2023"]
[White "Matinian, Nikita"]
[Black "Eynullayev, Atilla"]
[WhiteFideId "24129100"]
[BlackFideId "13413570"]
[WhiteElo "2422"]
[BlackElo "2181"]
[Result "0-1"]
[Round "05"]
[TimeControl "180+2"]
[Date "2023.04.18"]
[WhiteClock "0:00:04"]
[BlackClock "0:00:06"]

1. e4 c5 2. Nf3 e6 3. d4 cxd4 4. Nxd4 a6 5. Nc3 b5 6. Bd3 Bb7 7. O-O Nc6 8. Nxc6 Bxc6 9. Re1 Ne7 10. Qh5 Qb8 11. Bg5 Ng6 12. a4 h6 13. Bd2 bxa4 14. Nxa4 Bd6 15. g3 Ne5 16. Bf1 O-O 17. f4 Ng6 18. f5 exf5 19. Qxf5 Ne5 20. b3 g6 21. Qf2 f5 22. Bxh6 Rf7 23. Bf4 fxe4 24. Re3 Ng4 25. Qe2 Bxf4 26. gxf4 Nxe3 27. Qxe3 Qxf4 28. Re1 Qxe3+ 29. Rxe3 Raf8 30. Bc4 d5 31. Bxa6 Rf3 32. Re1 R8f5 33. h4 R5f4 34. Nc5 Rxh4 35. Ne6 Bd7 36. Nd4 Rg4+ 37. Kh2 Rf7 38. Re3 Rh7+ 39. Rh3 Rxh3+ 40. Kxh3 e3 41. Be2 Rxd4+ 42. Kg3 Rd2 43. Kf3 d4 44. Bc4+ Kg7 45. b4 Bc6+ 0-1


[Site "https://www.chess.com"]

[Event "Titled Tuesday Blitz April 18 Early 2023"]
[White "jinbojinbo"]
[Black "Womacka, Mathias"]
[BlackFideId "4611390"]
[WhiteElo "2706"]
[BlackElo "2377"]
[Result "1-0"]
[Round "05"]
[TimeControl "180+2"]
[Date "2023.04.18"]
[WhiteClock "0:00:10"]
[BlackClock "0:00:02"]

1. c4 c5 2. Nc3 Nf6 3. Nf3 e6 4. d4 cxd4 5. Nxd4 Bb4 6. Bd2 Nc6 7. Nc2 Bc5 8. e3 O-O 9. Be2 b6 10. O-O Bb7 11. Bf3 Rc8 12. a3 Qc7 13. Qe2 Ne5 14. Bxb7 Qxb7 15. Rac1 Be7 16. b3 d5 17. cxd5 Nxd5 18. Nxd5 Qxd5 19. Nd4 Bxa3 20. Rxc8 Rxc8 21. Qa6 Qc5 22. b4 Bxb4 23. Bxb4 Qc4 24. Qxc4 Nxc4 25. Rc1 a6 26. Nb3 a5 27. Ba3 f5 28. Nd2 Nd6 29. Rxc8+ Nxc8 30. Nc4 Kf7 31. Kf1 Ke8 32. Nd6+ Nxd6 33. Bxd6 Kd7 34. Be5 g6 35. Ke2 Kc6 36. Kd3 b5 37. Kc3 Kd5 38. Bc7 a4 39. Kb4 Ke4 40. Kxb5 a3 41. Bb6 e5 42. Ba5 Kd3 43. Bc7 Ke4 44. f4 exf4 45. exf4 a2 46. Be5 a1=Q 47. Bxa1 Kxf4 48. Bd4 Ke4 49. Kc4 f4 50. Kc3 g5 51. Bc5 g4 52. Kd2 f3 53. g3 h5 54. Bf2 1-0


[Site "https://www.chess.com"]

[Event "Titled Tuesday Blitz April 18 Early 2023"]
[White "Prohaszka, Peter"]
[Black "Ronka, Erik"]
[WhiteFideId "726265"]
[BlackFideId "505080"]
[WhiteElo "2626"]
[BlackElo "2264"]
[Result "1-0"]
[Round "05"]
[TimeControl "180+2"]
[Date "2023.04.18"]
[WhiteClock "0:00:20"]
[BlackClock "0:00:05"]

1. d4 d5 2. c3 c5 3. dxc5 e6 4. b4 a5 5. e3 axb4 6. cxb4 b6 7. Bb5+ Bd7 8. Bxd7+ Qxd7 9. a4 bxc5 10. b5 Nf6 11. Bb2 Qc7 12. Nf3 Nbd7 13. Nbd2 c4 14. Qc2 Bb4 15. O-O Nc5 16. Rfb1 Ba5 17. Nd4 O-O 18. Nc6 Bxd2 19. Bxf6 gxf6 20. Qxd2 Rxa4 21. Rxa4 Nxa4 22. Ra1 Nc5 23. Qd4 Nb3 24. Qxf6 Nxa1 25. Qg5+ Kh8 26. Qf6+ Kg8 27. Ne7+ Qxe7 28. Qxe7 c3 29. Qg5+ Kh8 30. Qf6+ Kg8 31. Qxc3 Rb8 32. Qxa1 Rxb5 33. h4 Rb4 34. g3 Re4 35. h5 h6 36. Qf6 1-0


[Site "https://www.chess.com"]

[Event "Titled Tuesday Blitz April 18 Early 2023"]
[White "Devaev, Alexander"]
[Black "Amilal Munkhdalai"]
[WhiteFideId "4169395"]
[BlackFideId "4903250"]
[WhiteElo "2204"]
[BlackElo "2293"]
[Result "0-1"]
[Round "05"]
[TimeControl "180+2"]
[Date "2023.04.18"]
[WhiteClock "0:00:19"]
[BlackClock "0:01:02"]

1. Nf3 Nf6 2. c4 e6 3. Nc3 d5 4. cxd5 exd5 5. d4 c6 6. Bg5 Be7 7. Bxf6 Bxf6 8. Qc2 O-O 9. e3 Bg4 10. Bd3 h6 11. h3 Bxf3 12. gxf3 Nd7 13. O-O-O Rc8 14. Kb1 c5 15. Nxd5 cxd4 16. Qe2 Nb6 17. Nxf6+ Qxf6 18. exd4 Rfd8 19. Qe4 g6 20. Bc2 Rc7 21. Bb3 Re7 22. Qd3 Red7 23. Rhg1 Kg7 24. Rg4 h5 25. Re4 a5 26. d5 a4 27. Bc4 Nxd5 28. Rd4 Nf4 29. Rxd7 Nxd3 30. R1xd3 Rxd7 31. Rxd7 Qf5+ 32. Rd3 b5 0-1


[Site "https://www.chess.com"]

[Event "Titled Tuesday Blitz April 18 Early 2023"]
[White "Hajiyev, Kanan"]
[Black "Shuvalova, Polina"]
[WhiteFideId "13404148"]
[BlackFideId "24171760"]
[WhiteElo "2103"]
[BlackElo "2281"]
[Result "0-1"]
[Round "05"]
[TimeControl "180+2"]
[Date "2023.04.18"]
[WhiteClock "0:00:16"]
[BlackClock "0:01:21"]

1. d4 Nf6 2. Nf3 d5 3. c4 e6 4. cxd5 exd5 5. Nc3 c6 6. Qc2 Be7 7. Bf4 O-O 8. e3 Bd6 9. Bg5 h6 10. Bh4 Be7 11. Bd3 Re8 12. O-O Ne4 13. Bxe7 Qxe7 14. Rab1 Bf5 15. b4 a6 16. a4 Nxc3 17. Qxc3 Bxd3 18. Qxd3 Nd7 19. b5 cxb5 20. axb5 a5 21. Qb3 Qd6 22. Rfc1 Rec8 23. h3 Rxc1+ 24. Rxc1 a4 25. Qa2 Nb6 26. Ne5 Qb4 27. Rb1 Qc3 28. Qa1 Qd2 29. Qb2 Qa5 30. Qc2 Rc8 31. Qa2 a3 32. Rb3 Rc1+ 33. Kh2 Rc3 34. Rb1 Qa4 35. e4 Qxd4 36. Qxd5 Nxd5 37. exd5 Qxe5+ 0-1


[Site "https://www.chess.com"]

[Event "Titled Tuesday Blitz April 18 Early 2023"]
[White "Gil Alba, Hector Luis"]
[Black "O`Gorman, Tom"]
[WhiteFideId "3504670"]
[BlackFideId "2508249"]
[WhiteElo "2331"]
[BlackElo "2271"]
[Result "0-1"]
[Round "05"]
[TimeControl "180+2"]
[Date "2023.04.18"]
[WhiteClock "0:00:09"]
[BlackClock "0:00:16"]

1. e4 c6 2. d4 d5 3. e5 Bf5 4. h4 h6 5. g4 Bd7 6. f4 h5 7. gxh5 Nh6 8. Bh3 Bxh3 9. Nxh3 e6 10. Ng5 c5 11. c3 Nc6 12. Be3 Qb6 13. Qb3 Nf5 14. Bf2 cxd4 15. Nd2 Bc5 16. c4 Qxb3 17. axb3 O-O-O 18. Nxf7 Nb4 19. Ke2 Rxh5 20. Nxd8 Kxd8 21. Ra5 Bb6 22. Ra4 a5 23. Rxb4 axb4 24. cxd5 exd5 25. Kd3 Kd7 26. Nf3 Ke6 27. Ng5+ Ke7 28. Nf3 Rh6 29. Nxd4 Bxd4 30. Bxd4 Rxh4 31. Rxh4 Nxh4 32. Bc5+ Ke6 33. Bxb4 Kf5 34. Bd2 Nf3 35. Be3 g6 36. b4 g5 37. fxg5 Nxe5+ 38. Kd4 Ke6 39. Kc5 Nc4 40. Bd4 Nd2 41. g6 Ne4+ 42. Kb6 Nd6 43. g7 Kf7 44. Kc7 Nb5+ 45. Kxb7 Nxd4 46. Kc7 Nb5+ 47. Kc6 d4 48. Kxb5 d3 49. Kc6 d2 50. b5 d1=Q 51. b6 Qd8 52. b7 Qb8 0-1


[Site "https://www.chess.com"]

[Event "Titled Tuesday Blitz April 18 Early 2023"]
[White "Eggink, Ryszard"]
[Black "Hua, Lefong"]
[WhiteFideId "1125869"]
[BlackFideId "2602253"]
[WhiteElo "2283"]
[BlackElo "2662"]
[Result "1-0"]
[Round "05"]
[TimeControl "180+2"]
[Date "2023.04.18"]
[WhiteClock "0:00:06"]
[BlackClock "0:00:11"]

1. d4 Nf6 2. c4 c5 3. d5 e6 4. Nc3 exd5 5. cxd5 d6 6. e4 g6 7. Nf3 Bg7 8. Be2 a6 9. a4 Bg4 10. O-O O-O 11. Bf4 Bxf3 12. Bxf3 Ne8 13. Qd2 Nd7 14. a5 Rb8 15. Rfe1 b5 16. axb6 Rxb6 17. Be2 Qb8 18. Na4 Rb4 19. Bxa6 Nb6 20. Nxc5 Rxb2 21. Qd3 Qd8 22. Nb3 Nc7 23. Be3 Nd7 24. Rab1 Ne5 25. Qf1 Ra2 26. Be2 Re8 27. Nd4 Qf6 28. h3 Ra4 29. Bb5 Nxb5 30. Qxb5 Rea8 31. Nc6 Ra2 32. Nxe5 Qxe5 33. Qd3 R2a3 34. Qb5 R3a5 35. Qb8+ Rxb8 36. Rxb8+ Bf8 37. Bh6 Qe7 38. Rc1 Rc5 39. Rxc5 dxc5 40. Rxf8+ Qxf8 41. Bxf8 Kxf8 42. Kf1 Ke7 43. e5 f6 44. e6 Kd6 45. Ke2 1-0


[Site "https://www.chess.com"]

[Event "Titled Tuesday Blitz April 18 Early 2023"]
[White "Arat, Ufuk Sezen"]
[Black "Poliakova, Varvara"]
[WhiteFideId "6309089"]
[BlackFideId "13518313"]
[WhiteElo "2289"]
[BlackElo "2075"]
[Result "1-0"]
[Round "05"]
[TimeControl "180+2"]
[Date "2023.04.18"]
[WhiteClock "0:02:26"]
[BlackClock "0:02:05"]

1. e4 e5 2. Nf3 Nc6 3. c3 d5 4. Qa4 Nf6 5. Nxe5 dxe4 6. Nxc6 bxc6 7. Bc4 Bd6 8. h3 Bd7 9. Qc2 O-O 10. d3 Qe7 11. Be3 exd3 12. Bxd3 Bf4 13. O-O Bxe3 14. Re1 Bxf2+ 15. Qxf2 Qd6 16. Bc2 Rfe8 17. Nd2 c5 18. Nc4 Qd5 19. Ne3 Qh5 1-0


[Site "https://www.chess.com"]

[Event "Titled Tuesday Blitz April 18 Early 2023"]
[White "Harshad S"]
[Black "Maung, Maung Kyaw Zaw Hein"]
[WhiteFideId "46616551"]
[BlackFideId "13001698"]
[WhiteElo "2163"]
[BlackElo "2019"]
[Result "1-0"]
[Round "05"]
[TimeControl "180+2"]
[Date "2023.04.18"]
[WhiteClock "0:00:20"]
[BlackClock "0:00:06"]

1. e4 c6 2. Nc3 d5 3. Nf3 Bg4 4. h3 Bxf3 5. Qxf3 d4 6. Ne2 e5 7. d3 Nd7 8. Qg3 g6 9. f4 Be7 10. Qf3 Bf6 11. g3 Ne7 12. Bg2 O-O 13. O-O c5 14. fxe5 Bxe5 15. Bh6 Bg7 16. Bxg7 Kxg7 17. Nf4 Ne5 18. Qe2 Qd7 19. h4 h5 20. Bh3 Ng4 21. Qf3 Nc6 22. Nd5 Nce5 23. Qf4 f6 24. a4 b6 25. b3 Qc6 26. Ne7 Qe6 27. Nd5 Qc6 28. Qd2 Rf7 29. Rf4 a6 30. Raf1 b5 31. a5 Raf8 32. Rb1 Rc8 33. Kh1 Rcf8 34. c3 dxc3 35. Qxc3 Qd6 36. Rc1 Rc8 37. d4 Nd7 38. Qf3 c4 39. e5 Qe6 40. bxc4 bxc4 41. Rf1 f5 42. Nc3 Re7 43. Bxg4 hxg4 44. Qb7 Rce8 45. Qd5 Qxd5+ 46. Nxd5 Re6 47. Nc7 Nf8 48. Nxe8+ Rxe8 49. R4f2 Ne6 50. d5 Nc5 51. e6 Ne4 52. Rg2 c3 53. Rd1 Kf6 54. Kh2 Ke5 55. Rc2 Rd8 56. e7 Re8 57. d6 Nxd6 58. Rxc3 Rxe7 59. Rc5+ Ke6 60. Rc6 Rd7 61. Rxa6 Ke5 62. Rb6 Rd8 63. a6 Rc8 64. Rbxd6 Rc2+ 65. R1d2 1-0


[Site "https://www.chess.com"]

[Event "Titled Tuesday Blitz April 18 Early 2023"]
[White "Schuh, Karsten"]
[Black "Horobetz, Graham"]
[WhiteFideId "4637950"]
[BlackFideId "2047322"]
[WhiteElo "2138"]
[BlackElo "2620"]
[Result "0-1"]
[Round "05"]
[TimeControl "180+2"]
[Date "2023.04.18"]
[WhiteClock "0:00:06"]
[BlackClock "0:00:11"]

1. Nf3 c5 2. c4 g6 3. g3 Bg7 4. Bg2 Nc6 5. O-O e5 6. Nc3 Nge7 7. Ne1 d6 8. Nc2 Be6 9. Ne3 O-O 10. d3 Rb8 11. a3 a6 12. Rb1 b5 13. b4 bxc4 14. dxc4 cxb4 15. axb4 Nxb4 16. Qa4 a5 17. Ba3 Nf5 18. Bxb4 axb4 19. Rxb4 Nxe3 20. fxe3 Rxb4 21. Qxb4 Qg5 22. Nd1 Rc8 23. Qxd6 Bxc4 24. Bd5 Bxd5 25. Qxd5 Qe7 26. Nf2 Rd8 27. Qb3 Kh8 28. Kg2 f5 29. e4 f4 30. Nd3 g5 31. gxf4 exf4 32. e5 Bxe5 33. Nxe5 Qxe5 34. Qc4 Rd4 35. Qc8+ Kg7 36. Qb7+ Kg6 37. Qc6+ Rd6 38. Qc4 Re6 39. Rf2 h5 40. h3 Qe3 41. Qc8 Qg3+ 42. Kf1 Qxh3+ 43. Ke1 Rxe2+ 44. Kxe2 Qxc8 45. Kf1 Qh3+ 46. Ke2 Qe3+ 47. Kf1 g4 48. Re2 Qf3+ 49. Rf2 Qd1+ 50. Kg2 f3+ 0-1


[Site "https://www.chess.com"]

[Event "Titled Tuesday Blitz April 18 Early 2023"]
[White "Andersson, Bjorn 1971"]
[Black "Lamaze, Simon"]
[WhiteFideId "1702114"]
[BlackFideId "36069264"]
[WhiteElo "2176"]
[BlackElo "2272"]
[Result "1/2-1/2"]
[Round "05"]
[TimeControl "180+2"]
[Date "2023.04.18"]
[WhiteClock "0:00:10"]
[BlackClock "0:00:17"]

1. e4 c5 2. Nf3 e6 3. d4 cxd4 4. Nxd4 Nc6 5. Nc3 Qc7 6. Be2 a6 7. O-O Nf6 8. Nxc6 bxc6 9. Bf3 d5 10. Re1 Bd6 11. exd5 cxd5 12. Bxd5 Bxh2+ 13. Kh1 Rb8 14. Bb3 O-O 15. Bg5 Nd7 16. Qh5 Bf4 17. Be7 g6 18. Qf3 Re8 19. Ba3 Bb7 20. Qg4 Nf6 21. Qh3 Kg7 22. Rad1 Rbd8 23. Kg1 h5 24. Ne2 Bd6 25. Bxd6 Rxd6 26. Rxd6 Qxd6 27. Qc3 e5 28. Ng3 h4 29. Nf1 Nd5 30. Qd2 Qc6 31. Bxd5 Qxd5 32. Qxd5 Bxd5 33. b3 f6 34. Ne3 Be6 35. Rd1 Kf7 36. c4 f5 37. Rd6 f4 38. Nd5 g5 39. Rxa6 Bxd5 40. cxd5 Rd8 41. d6 Ke6 42. f3 Rc8 43. b4 Rc1+ 44. Kf2 Rc2+ 45. Kf1 e4 46. fxe4 g4 47. b5 h3 48. gxh3 g3 49. d7+ Kxd7 50. Rg6 Rf2+ 51. Ke1 Ke7 52. e5 Rxa2 53. Rg4 Rf2 54. b6 f3 55. Rxg3 Re2+ 56. Kf1 Rb2 57. Rxf3 Rxb6 58. Re3 Rb2 59. Re2 Rb3 60. Kg2 Ke6 61. Kf2 Rxh3 62. Re3 Rxe3 63. Kxe3 Kxe5 1/2-1/2


[Site "https://www.chess.com"]

[Event "Titled Tuesday Blitz April 18 Early 2023"]
[White "Delorme, Alban"]
[Black "Avramidou, Anastasia"]
[WhiteFideId "623636"]
[BlackFideId "4239873"]
[WhiteElo "2196"]
[BlackElo "2160"]
[Result "1/2-1/2"]
[Round "05"]
[TimeControl "180+2"]
[Date "2023.04.18"]
[WhiteClock "0:00:03"]
[BlackClock "0:00:03"]

1. e4 g6 2. d4 Bg7 3. Nc3 d6 4. Be3 Nf6 5. f3 a6 6. Qd2 b5 7. a3 Bb7 8. g4 Nbd7 9. h4 h5 10. g5 Nh7 11. Nh3 Nb6 12. Nf2 Nf8 13. O-O-O Nfd7 14. f4 e6 15. Rg1 d5 16. f5 exf5 17. exf5 gxf5 18. g6 f6 19. Bh3 Qe7 20. Bf4 O-O-O 21. Rde1 Qf8 22. Bxf5 Nc4 23. Qd3 Nd6 24. Be6 Re8 25. Bxd5 Rxe1+ 26. Rxe1 Bh6 27. Bxb7+ Nxb7 28. Nd5 Bxf4+ 29. Nxf4 Qh6 30. Qe3 Nd6 31. N2d3 Re8 32. Qd2 Rg8 33. Qa5 Kb7 34. Kb1 Nc4 35. Qc3 Ndb6 36. Nc5+ Ka7 37. Qf3 Rb8 38. Re8 Nd6 39. Rxb8 Kxb8 40. Qg3 Nf5 41. Qf3 Nd6 42. Qxh5 Qxf4 43. g7 Qf1+ 44. Ka2 Qc4+ 45. Kb1 Qf1+ 46. Ka2 Qc4+ 47. Kb1 Qf1+ 1/2-1/2


[Site "https://www.chess.com"]

[Event "Titled Tuesday Blitz April 18 Early 2023"]
[White "Svane, Rasmus"]
[Black "Kyaw Lay Htaik"]
[WhiteFideId "4657101"]
[BlackFideId "13002007"]
[WhiteElo "2597"]
[BlackElo "2261"]
[Result "1-0"]
[Round "05"]
[TimeControl "180+2"]
[Date "2023.04.18"]
[WhiteClock "0:01:53"]
[BlackClock "0:00:46"]

1. Nf3 d5 2. g3 Nf6 3. Bg2 c5 4. O-O Nc6 5. d4 cxd4 6. Nxd4 e5 7. Nxc6 bxc6 8. c4 Be6 9. Nc3 Bc5 10. Bg5 e4 11. Rc1 Bb6 12. Qa4 O-O 13. Rfd1 h6 14. Bxf6 Qxf6 15. e3 Bg4 16. Rd2 Bf3 17. cxd5 Rad8 18. Nxe4 Bxe4 19. Rxc6 Qe5 20. Qxe4 Qh5 21. Bf3 Qh3 22. Bg4 1-0


[Site "https://www.chess.com"]

[Event "Titled Tuesday Blitz April 18 Early 2023"]
[White "Grigoriants, Sergey"]
[Black "Sowul, Bartosz"]
[WhiteFideId "4130804"]
[BlackFideId "1137590"]
[WhiteElo "2502"]
[BlackElo "2188"]
[Result "1-0"]
[Round "05"]
[TimeControl "180+2"]
[Date "2023.04.18"]
[WhiteClock "0:00:06"]
[BlackClock "0:00:10"]

1. d4 Nf6 2. c4 c5 3. d5 b5 4. Qc2 b4 5. e4 d6 6. Bd3 g6 7. f4 Bg7 8. Nf3 O-O 9. O-O Nbd7 10. Qe2 e6 11. dxe6 fxe6 12. Nbd2 Bb7 13. Ng5 Qe7 14. Ndf3 Nh5 15. g3 Rae8 16. Be3 d5 17. e5 Nb6 18. Nh4 Bh6 19. Nxh7 Nxg3 20. hxg3 Qxh7 21. Nxg6 Qg7 22. Kf2 dxc4 23. Bc2 Rf7 24. Rh1 Nd5 25. Qh5 Nxe3 26. Kxe3 Bxh1 27. Rxh1 b3 28. axb3 cxb3 29. Be4 c4 30. Qxh6 c3 31. Qh8+ Qxh8 32. Rxh8+ Kg7 33. Rxe8 c2 34. Rc8 Rd7 35. Nh4 Rd8 36. Rc7+ Kg8 37. Bxc2 bxc2 38. Rxc2 Rd1 39. Rc6 Rg1 40. Kf3 Rb1 41. Rxe6 Rxb2 42. Ra6 Rb3+ 43. Kg4 Rb7 44. Nf5 1-0


[Site "https://www.chess.com"]

[Event "Titled Tuesday Blitz April 18 Early 2023"]
[White "Ashraf, Artin"]
[Black "Omelja, Artem"]
[WhiteFideId "22514805"]
[BlackFideId "14119846"]
[WhiteElo "2188"]
[BlackElo "2404"]
[Result "1-0"]
[Round "05"]
[TimeControl "180+2"]
[Date "2023.04.18"]
[WhiteClock "0:00:05"]
[BlackClock "0:00:04"]

1. d4 d5 2. Nc3 Nf6 3. Bf4 a6 4. e3 Bf5 5. Bd3 Bxd3 6. cxd3 e6 7. Nf3 Nbd7 8. O-O Be7 9. Qb3 b6 10. e4 c6 11. e5 Nh5 12. Bd2 g5 13. h3 Ng7 14. Ne2 h5 15. g4 hxg4 16. hxg4 f5 17. exf6 Nxf6 18. Ne5 Nd7 19. Kg2 Nxe5 20. dxe5 Rh4 21. f3 Qc7 22. Be1 Rh6 23. d4 O-O-O 24. Rc1 Kb7 25. Rc2 Ka7 26. a4 c5 27. a5 c4 28. axb6+ Qxb6 29. Qa4 Qb5 30. Qa2 Rb8 31. Bg3 Rhh8 32. Ra1 Rb6 33. Nc3 Qb3 34. Qb1 Rhb8 35. Qd1 Bb4 36. Be1 Bxc3 37. Bxc3 Rf8 38. Ra3 Qb5 39. Kg3 Ne8 40. Rh2 Qd7 41. Qd2 Qe7 42. Rh5 Rg8 43. Qh2 Nc7 44. Rh7 Rg7 45. Rh8 Nb5 46. Ra1 Rb8 47. Rh6 Nxc3 48. bxc3 Rb3 49. Qd2 Rb6 50. Rah1 Qf7 51. Rf6 Qe7 52. Rhh6 Rc6 53. Qa2 Rf7 54. Qa5 Rxf6 55. exf6 Qd6+ 56. Kg2 Rb6 57. Rh7+ Kb8 58. Qa4 Rb2+ 59. Kf1 Rb1+ 60. Ke2 Rb2+ 61. Kd1 Rb5 62. Qc2 Qf4 63. Qh2 Qxh2 64. Rxh2 Rb1+ 65. Kc2 Rb2+ 66. Kxb2 1-0


[Site "https://www.chess.com"]

[Event "Titled Tuesday Blitz April 18 Early 2023"]
[White "chessfatbear"]
[Black "Degenbaev, Aziz"]
[BlackFideId "13802640"]
[WhiteElo "2764"]
[BlackElo "2152"]
[Result "1-0"]
[Round "05"]
[TimeControl "180+2"]
[Date "2023.04.18"]
[WhiteClock "0:01:18"]
[BlackClock "0:00:49"]

1. e4 c5 2. Nf3 d6 3. d4 cxd4 4. Nxd4 Nf6 5. Nc3 a6 6. Bg5 e6 7. f4 Be7 8. Qf3 Nbd7 9. Bc4 Qc7 10. Bxe6 O-O 11. Bb3 Nc5 12. O-O h6 13. Bxf6 Bxf6 14. Rad1 Nxb3 15. axb3 Qc5 16. Qf2 Bg4 17. Rd3 Rfe8 18. f5 b5 19. h3 Bh5 20. g4 b4 21. Nd5 Bh4 22. Qxh4 Rxe4 23. Nf4 Rxd4 24. Rxd4 Qxd4+ 25. Qf2 1-0


[Site "https://www.chess.com"]

[Event "Titled Tuesday Blitz April 18 Early 2023"]
[White "Yuan, Qingyu"]
[Black "Koutlas, Nikolaos"]
[WhiteFideId "8609772"]
[BlackFideId "25827138"]
[WhiteElo "2359"]
[BlackElo "2215"]
[Result "1-0"]
[Round "05"]
[TimeControl "180+2"]
[Date "2023.04.18"]
[WhiteClock "0:01:09"]
[BlackClock "0:01:00"]

1. e4 e6 2. d4 d5 3. Nd2 c5 4. Ngf3 cxd4 5. Nxd4 Nf6 6. exd5 Nxd5 7. N2f3 Be7 8. Bc4 O-O 9. O-O Nc6 10. Nxc6 bxc6 11. Qe2 Bb7 12. Bd3 Qc7 13. Qe4 g6 14. Bh6 Rfd8 15. a3 c5 16. Qg4 Nf6 17. Qg3 Qb6 18. Ne5 Bd6 19. Qf4 Nd5 20. Qxf7+ Kh8 21. Qg7# 1-0


[Site "https://www.chess.com"]